 Dungeon Crawl Stone Soup version 0.19-a0-1170-g18f0c96 (webtiles) character file.

65 Rhoefr the Digger (level 4, 0/27 HPs)
             Began as an Octopode Earth Elementalist on Aug 16, 2016.
             Killed by nerve-wracking pain
             ... invoked by an orc priest
              (11 damage)
             ... on level 3 of the Dungeon.
             The game lasted 00:07:38 (2102 turns).

Rhoefr the Digger (Octopode Earth Elementalist)     Turns: 2102, Time: 00:07:39

Health: 0/27       AC:  1    Str:  7    XL:     4   Next: 13%
Magic:  4/8        EV: 13    Int: 18    God:
Gold:   190        SH:  0    Dex: 12    Spells: 3 memorised, 2 levels left

rFire  . . .     SeeInvis .     b - 38 stones
rCold  . . .     Gourm    +     (no shield)
rNeg   . . .     Faith    .     (helmet restricted)
rPois  .         Spirit   .     n - amulet of the gourmand
rElec  .         Dismiss  .     j - ring of resist corrosion
rCorr  +         Reflect  .     (no ring)
MR     .....     Harm     .     (no ring)
Stlth  ++++......               (no ring)
                                (no ring)
                                (no ring)
                                (no ring)
                                (no ring)

@: no status effects
A: almost no armour, amphibious, 8 rings, constrict 8, camouflage 1, gelatinous
body 1
a: no special abilities


You were on level 3 of the Dungeon.
You were very full.

You visited 1 branch of the dungeon, and saw 3 of its levels.

You collected 190 gold pieces.

Inventory:

Hand Weapons
 a - a +0 mace
Missiles
 b - 38 stones (in tentacle)
Jewellery
 j - a ring of resist corrosion (left tentacle)
 n - an amulet of the gourmand (around mantle)
Scrolls
 f - a scroll of noise {unknown}
 g - a scroll of amnesia {unknown}
 h - a scroll of remove curse
 p - 2 scrolls of identify {unknown}
 r - 2 scrolls of teleportation {unknown}
Potions
 e - a potion of degeneration {unknown}
 k - 2 potions of heal wounds {unknown}
 m - a potion of mutation {unknown}
Books
 d - a book of Geomancy

   Spells                             Type                      Level
   a - Sandblast                      Earth                        1
   b - Passwall                       Transmutation/Earth          2
   c - Stone Arrow                    Conjuration/Earth            3
   d - Petrify                        Transmutation/Earth          4
   e - Lee's Rapid Deconstruction     Earth                        5
Comestibles
 c - 3 bread rations
 i - 2 slices of pizza
 l - a meat ration
 o - 5 fruits


   Skills:
 - Level 2.0 Dodging
 + Level 3.7 Stealth
 * Level 2.9 Spellcasting
 - Level 1.0 Transmutations
 * Level 3.8 Earth Magic


You had 2 spell levels left.
You knew the following spells:

 Your Spells              Type           Power        Failure   Level  Hunger
a - Sandblast             Erth           ###...       3%          1    None
b - Stone Arrow           Conj/Erth      #.....       24%         3    ###....
h - Passwall              Tmut/Erth      ##........   12%         2    ##.....


Dungeon Overview and Level Annotations

Branches:
Dungeon (3/15)

Altars:
Uskayaw
Xom
Zin


Innate Abilities, Weirdness & Mutations

You cannot wear most types of armour.
You are amphibious.
You can wear up to eight rings at the same time.
You can use your tentacles to constrict eight enemies at once.
Your skin changes colour to match your surroundings (Stealth+).
Your rubbery body absorbs attacks. (AC +1, EV +1)


Message History

Confirm with . or Enter, or press ? or * to list all spells.
Aiming: Sandblast
Press: ? - help, Shift-Dir - straight line, f/p - orc priest
Aim: an orc priest, wielding a club and wearing a leather armour (heavily wounded)
The blast of sand hits the orc priest.
The orc priest is heavily wounded.
The orc shouts! x3
The orc priest barely misses you.
Casting: Sandblast
Confirm with . or Enter, or press ? or * to list all spells.
Aiming: Sandblast
Press: ? - help, Shift-Dir - straight line, f/p - orc priest
Aim: an orc priest, wielding a club and wearing a leather armour (heavily wounded)
The blast of sand misses the orc priest.
The goblin shouts!
The orc priest barely misses you. The orc closely misses you.
b - 38 stones (in tentacle)
The orc priest invokes the aid of Beogh against you.
Pain shoots through your body!
You die...

#.. .#.g ...
.. #g ###.###
#...o.#
#...o.######.
#..oo@.......
#....o#####..
#.....#
#######


You could see an orc priest, 4 orcs and a goblin.

Vanquished Creatures
  An adder (D:3)
  3 dart slugs
  A giant gecko (D:1)
  3 ball pythons
  8 giant cockroaches
  3 goblins (D:1)
  4 hobgoblins
  4 jackals (D:1)
  2 kobolds
  A quokka (D:2)
  4 bats
  4 giant newts
  7 rats
45 creatures vanquished.

Notes
Turn   | Place    | Note
-------+----------+-------------------------------------------
     0 | D:1      | Rhoefr the Octopode Earth Elementalist began the quest for the Orb.
     0 | D:1      | Reached XP level 1. HP: 11/11 MP: 3/3
   144 | D:1      | Reached XP level 2. HP: 17/17 MP: 0/5
  1060 | D:1      | Reached XP level 3. HP: 21/21 MP: 6/6
  1271 | D:2      | Learned a level 3 spell: Stone Arrow
  1274 | D:2      | Learned a level 2 spell: Passwall
  1305 | D:2      | Found a shimmering altar of Xom.
  1305 | D:2      | Found a shimmering altar of Xom.
  1317 | D:2      | Found a shimmering altar of Xom.
  1396 | D:2      | Found a hide-covered altar of Uskayaw.
  1598 | D:2      | Found a glowing silver altar of Zin.
  1954 | D:3      | Reached XP level 4. HP: 13/27 MP: 4/8
  2102 | D:3      | Killed from afar by an orc priest

Vault maps used:
D:1:      roderic_chinese_lattice_arrival, minmay_nonomino_d4
D:2:      nicolae_overflow_hidden_temple, lemuel_doored_altar, xom_redecorated,
          first_bread
D:3:      lightli_sewer_entry_pipes, minmay_checkerbox, uniq_jessica

Skill      XL: |  1  2 |
---------------+-------+-----
Stealth        | 3 |  3.7
Dodging        | |  2.0
Spellcasting   | |  2.9
Transmutations | |  1.0
Earth Magic    | |  3.8

Action                   |  1- 3 |  4- 6 || total
-------------------------+-------+-------++-------
Melee: Mace              |    76 |     3 ||    79
       Constrict         |    22 |     1 ||    23
       Tentacles         |     5 |       ||     5
Throw: Stone             |     1 |       ||     1
 Cast: Sandblast         |    18 |     5 ||    23
  Use: Scroll            |     2 |       ||     2
 Stab: Sleeping          |    16 |     1 ||    17
  Eat: Chunk             |    15 |       ||    15
Armor: Skin              |     9 |       ||     9
Dodge: Dodged            |    60 |     4 ||    64
